MID
DELMARVA SHOREBIRDS @ HICKORY CRAWDADS
10/11/2046
 
TOP OF THE 1ST
Beloit Snappers batting - Pitching for Bowling Green Hot Rods : RHP Greg Spaulding
Pitching: RHP Greg Spaulding
Batting: RHB Dan Boylan 0-0: Called Strike
0-1: Ball
1-1: Foul Ball, location: 2F
1-2: Ball
2-2: Ground out 6-3 (Groundball, 6S, EV 86.2 MPH)
Batting: RHB Danny Heikkila 0-0: Called Strike
0-1: Foul Ball, location: 2F
0-2: Ball
1-2: Ball
2-2: Ground out 5-3 (Groundball, 5S, EV 76.9 MPH)
Batting: LHB Chance Stever 0-0: Fly out, F8 (Line Drive, 8RM, EV 99.4 MPH)
Top of the 1st over - 0 runs, 0 hits, 0 errors, 0 left on base; Beloit 0 - Bowling Green 0
BOTTOM OF THE 1ST
Bowling Green Hot Rods batting - Pitching for Beloit Snappers : RHP Brad Shafer
Pitching: RHP Brad Shafer
Batting: RHB Jonathan Fraire 0-0: Called Strike
0-1: Ball
1-1: Ball
2-1: Ball
3-1: Foul Ball, location: 2F
3-2: Foul Ball, location: 2F
3-2: Ground out 5-3 (Groundball, 56, EV 86.9 MPH)
Batting: LHB Mark Marvin 0-0: Called Strike
0-1: Fly out, F8 (Flyball, 8RD, EV 96.9 MPH)
Batting: SHB Lou Kroneman 0-0: Fly out, F8 (Flyball, 8LD, EV 93.8 MPH)
Bottom of the 1st over - 0 runs, 0 hits, 0 errors, 0 left on base; Beloit 0 - Bowling Green 0
TOP OF THE 2ND
Beloit Snappers batting - Pitching for Bowling Green Hot Rods : RHP Greg Spaulding
Batting: RHB Jonathan Gallup 0-0: Swinging Strike
0-1: Ground out 6-3 (Groundball, 56D, EV 91.9 MPH)
Batting: SHB John Cummings 0-0: Called Strike
0-1: Fly out, F8 (Flyball, 78M, EV 90.0 MPH)
Batting: LHB Angel Sanchez 0-0: Ball
1-0: Foul Ball, location: 2F
1-1: Ball
2-1: Ground out U3 (Groundball, 3, EV 87.5 MPH)
Top of the 2nd over - 0 runs, 0 hits, 0 errors, 0 left on base; Beloit 0 - Bowling Green 0
BOTTOM OF THE 2ND
Bowling Green Hot Rods batting - Pitching for Beloit Snappers : RHP Brad Shafer
Batting: RHB David Ward 0-0: Ground out 5-3 (Groundball, 5L, EV 89.4 MPH)
Batting: SHB Wayne Hattan 0-0: Ball
1-0: DOUBLE (Line Drive, 89D, EV 107.5 MPH)
Batting: RHB Freddy Mullen 0-0: Ball
1-0: Foul Ball, location: 2F
1-1: Swinging Strike
1-2: Ball
2-2: Foul Ball, location: 2F
2-2: Foul Ball, location: 2F
2-2: Fly out, F6 (Popup, 6S, EV 60.0 MPH)
Batting: SHB Julio Hernandez 0-0: Ball
1-0: Called Strike
1-1: Ground out 4-3 (Groundball, 4, EV 85.6 MPH)
Bottom of the 2nd over - 0 runs, 1 hit, 0 errors, 1 left on base; Beloit 0 - Bowling Green 0
TOP OF THE 3RD
Beloit Snappers batting - Pitching for Bowling Green Hot Rods : RHP Greg Spaulding
Batting: RHB Edgar Landim 0-0: Called Strike
0-1: Ball
1-1: Foul Ball, location: 2F
1-2: Ball
2-2: Ball
3-2: Foul Ball, location: 2F
3-2: Strikes out swinging
Batting: LHB Juan Villafana 0-0: Ground out 5-3 (Groundball, 5, EV 89.4 MPH)
Batting: RHB Manny Moron 0-0: Bunted foul
0-1: Ball
1-1: Swinging Strike
1-2: Strikes out swinging
Top of the 3rd over - 0 runs, 0 hits, 0 errors, 0 left on base; Beloit 0 - Bowling Green 0
BOTTOM OF THE 3RD
Bowling Green Hot Rods batting - Pitching for Beloit Snappers : RHP Brad Shafer
Batting: LHB Dan Hunt 0-0: Ground out 6-3 (Groundball, 6, EV 104.4 MPH)
Batting: RHB Chris Glavin 0-0: Ground out 6-3 (Groundball, 6, EV 77.5 MPH)
Batting: RHB Jonathan Fraire 0-0: Hit by Pitch
Batting: LHB Mark Marvin 0-0: Called Strike
0-1: Called Strike
Jonathan Fraire steals 2nd base (no throw)
0-2: DOUBLE (Line Drive, 89D, EV 104.4 MPH)
Jonathan Fraire scores
Batting: SHB Lou Kroneman 0-0: Ball
1-0: Called Strike
1-1: Ground out 4-3 (Groundball, 34, EV 90.6 MPH)
Bottom of the 3rd over - 1 run, 1 hit, 0 errors, 1 left on base; Beloit 0 - Bowling Green 1
TOP OF THE 4TH
Beloit Snappers batting - Pitching for Bowling Green Hot Rods : RHP Greg Spaulding
Batting: RHB Dan Boylan 0-0: Ball
1-0: Called Strike
1-1: Ball
2-1: Foul Ball, location: 2F
2-2: Foul Ball, location: 2F
2-2: Ball
3-2: Strikes out swinging
Batting: RHB Danny Heikkila 0-0: Foul Ball, location: 2F
0-1: Swinging Strike
0-2: Ball
1-2: Foul Ball, location: 2F
1-2: Foul Ball, location: 2F
1-2: Strikes out swinging
Batting: LHB Chance Stever 0-0: Called Strike
0-1: Foul Ball, location: 2F
0-2: Ball
1-2: Foul Ball, location: 2F
1-2: Foul Ball, location: 2F
1-2: Foul Ball, location: 2F
1-2: Strikes out swinging
Top of the 4th over - 0 runs, 0 hits, 0 errors, 0 left on base; Beloit 0 - Bowling Green 1
BOTTOM OF THE 4TH
Bowling Green Hot Rods batting - Pitching for Beloit Snappers : RHP Brad Shafer
Batting: RHB David Ward 0-0: Ball
1-0: Ball
2-0: Ball
3-0: Base on Balls
Batting: SHB Wayne Hattan 0-0: Ball
1-0: Swinging Strike
1-1: Called Strike
1-2: Strikes out swinging
Pitching: RHP Dong-choon Park
Batting: RHB Freddy Mullen 0-0: Ball
1-0: Called Strike
1-1: Ball
2-1: SINGLE (Groundball, 6MD, EV 100.6 MPH)
David Ward to second
Batting: SHB Julio Hernandez 0-0: Fielders Choice at 2nd, 4-6 (Groundball, 4, EV 85.6 MPH)
David Ward to third
Batting: LHB Dan Hunt 0-0: Ball
1-0: Ball
2-0: Called Strike
2-1: Called Strike
2-2: Foul Ball, location: 2F
2-2: Fielders Choice at 2nd, 6-4 (Groundball, 6, EV 82.5 MPH)
Bottom of the 4th over - 0 runs, 1 hit, 0 errors, 2 left on base; Beloit 0 - Bowling Green 1
TOP OF THE 5TH
Beloit Snappers batting - Pitching for Bowling Green Hot Rods : RHP Greg Spaulding
Batting: RHB Jonathan Gallup 0-0: Ball
1-0: Ball
2-0: Ball
3-0: Called Strike
3-1: Called Strike
3-2: Base on Balls
Batting: SHB John Cummings 0-0: Ball
1-0: Grounds into double play, 4-6-3 (Groundball, 4M, EV 85.6 MPH)
Batting: LHB Angel Sanchez 0-0: Swinging Strike
0-1: Foul Ball, location: 2F
0-2: Ball
1-2: Foul Ball, location: 2F
1-2: Hit by Pitch
Batting: RHB Edgar Landim 0-0: Called Strike
0-1: Foul Ball, location: 2F
0-2: Ball
1-2: Strikes out swinging
Top of the 5th over - 0 runs, 0 hits, 0 errors, 1 left on base; Beloit 0 - Bowling Green 1
BOTTOM OF THE 5TH
Bowling Green Hot Rods batting - Pitching for Beloit Snappers : RHP Dong-choon Park
Batting: RHB Chris Glavin 0-0: Ball
1-0: Called Strike
1-1: Ball
2-1: Foul Ball, location: 2F
2-2: Ball
3-2: Foul Ball, location: 2F
3-2: Ground out 5-3 (Groundball, 56, EV 81.9 MPH)
Batting: RHB Jonathan Fraire 0-0: Ball
1-0: Called Strike
1-1: Swinging Strike
1-2: Foul Ball, location: 2F
1-2: Strikes out looking
Batting: LHB Mark Marvin 0-0: Foul Ball, location: 2F
0-1: Ball
1-1: Ball
2-1: Foul Ball, location: 2F
2-2: DOUBLE (Line Drive, 7LM, EV 89.4 MPH)
Batting: SHB Lou Kroneman 0-0: Called Strike
0-1: Called Strike
0-2: Ball
1-2: Ball
2-2: Ball
3-2: Foul Ball, location: 2F
3-2: Base on Balls
Pitching: RHP Ari Kuusinen
Batting: RHB David Ward 0-0: Ball
Wild Pitch!
Mark Marvin to third
Lou Kroneman to second
1-0: Called Strike
1-1: Swinging Strike
1-2: SINGLE (Groundball, 34D, EV 112.5 MPH)
Mark Marvin scores
Lou Kroneman to third
Runner from 3rd tries for Home, SAFE, throw by RF to home
Batting: SHB Wayne Hattan 0-0: Reached on error, E3 (Groundball, 3, EV 91.9 MPH)
David Ward to second
Batting: RHB Freddy Mullen 0-0: Ball
1-0: Ball
2-0: Ball
3-0: Called Strike
3-1: Base on Balls
David Ward to third
Wayne Hattan to second
Batting: SHB Julio Hernandez 0-0: Ball
1-0: Foul Ball, location: 2F
1-1: Ball
2-1: Called Strike
2-2: Foul Ball, location: 2F
2-2: Foul Ball, location: 2F
2-2: Fly out, F3 (Line Drive, 3, EV 68.8 MPH)
Bottom of the 5th over - 2 runs, 2 hits, 1 error, 3 left on base; Beloit 0 - Bowling Green 3
TOP OF THE 6TH
Beloit Snappers batting - Pitching for Bowling Green Hot Rods : RHP Greg Spaulding
Batting: LHB Juan Villafana 0-0: Called Strike
0-1: Ball
1-1: Foul Ball, location: 2F
1-2: Ball
2-2: Fly out, F8 (Flyball, 8LD, EV 97.5 MPH)
Batting: RHB Manny Moron 0-0: SINGLE (Line Drive, 4D, EV 100.0 MPH)
Batting: RHB Dan Boylan 0-0: Called Strike
Manny Moron steals 2nd base (no throw)
0-1: Ball
Manny Moron steals 3rd base
1-1: Ball
2-1: Foul Ball, location: 2F
2-2: SINGLE (Line Drive, 7S, EV 99.4 MPH)
Manny Moron scores
Batting: RHB Danny Heikkila 0-0: Called Strike
Dan Boylan steals 2nd base
0-1: SINGLE (Line Drive, 8LS, EV 97.5 MPH)
Dan Boylan to third
Batting: LHB Chance Stever 0-0: Called Strike
Danny Heikkila steals 2nd base
0-1: 3-RUN HOME RUN (Flyball, 8RXD, EV 112.5 MPH), Distance : 434 ft
Batting: RHB Jonathan Gallup 0-0: Ball
1-0: Called Strike
1-1: Ball
2-1: Foul Ball, location: 2F
2-2: Foul Ball, location: 2F
2-2: Strikes out swinging
Batting: SHB John Cummings 0-0: Ball
1-0: Foul Ball, location: 2F
1-1: Called Strike
1-2: Strikes out swinging
Top of the 6th over - 4 runs, 4 hits, 0 errors, 0 left on base; Beloit 4 - Bowling Green 3
BOTTOM OF THE 6TH
Bowling Green Hot Rods batting - Pitching for Beloit Snappers : RHP Ari Kuusinen
Batting: LHB Dan Hunt 0-0: Fly out, F7 (Flyball, 7S, EV 91.9 MPH)
Batting: RHB Chris Glavin 0-0: Ball
1-0: Ball
2-0: Foul Ball, location: 2F
2-1: Swinging Strike
2-2: Ball
3-2: Foul Ball, location: 2F
3-2: Foul Ball, location: 2F
3-2: Strikes out swinging
Pitching: RHP Jonathan Colyer
Batting: RHB Jonathan Fraire 0-0: Ball
1-0: Ball
2-0: Foul Ball, location: 2F
2-1: Ball
3-1: Base on Balls
Batting: LHB Mark Marvin 0-0: Ball
Jonathan Fraire steals 2nd base
1-0: Ball
2-0: Called Strike
2-1: Ground out 4-3 (Groundball, 34, EV 86.2 MPH)
Bottom of the 6th over - 0 runs, 0 hits, 0 errors, 1 left on base; Beloit 4 - Bowling Green 3
TOP OF THE 7TH
Beloit Snappers batting - Pitching for Bowling Green Hot Rods : RHP Greg Spaulding
Batting: LHB Angel Sanchez 0-0: Called Strike
0-1: Called Strike
0-2: Foul Ball, location: 2F
0-2: Ball
1-2: Strikes out swinging
Batting: RHB Edgar Landim 0-0: Ball
1-0: Called Strike
1-1: Swinging Strike
1-2: Ground out 6-3 (Groundball, 6M, EV 82.5 MPH)
Batting: LHB Juan Villafana 0-0: Called Strike
0-1: Ball
1-1: SINGLE (Groundball, 4M, EV 105.6 MPH) (infield hit)
Pitching: RHP Jesse Rosa
Batting: RHB Manny Moron 0-0: Called Strike
Juan Villafana is caught stealing 2nd base 2-4
Top of the 7th over - 0 runs, 1 hit, 0 errors, 0 left on base; Beloit 4 - Bowling Green 3
BOTTOM OF THE 7TH
Bowling Green Hot Rods batting - Pitching for Beloit Snappers : RHP Jonathan Colyer
Now at 1B: Kyle Waters
Batting: SHB Lou Kroneman 0-0: Foul Ball, location: 2F
0-1: Swinging Strike
0-2: Strikes out looking
Batting: RHB David Ward 0-0: Called Strike
0-1: Ball
1-1: Ground out 4-3 (Groundball, 4D, EV 100.0 MPH)
Batting: SHB Wayne Hattan 0-0: Ground out 2-3 (Groundball, 2L, EV 70.0 MPH)
Bottom of the 7th over - 0 runs, 0 hits, 0 errors, 0 left on base; Beloit 4 - Bowling Green 3
TOP OF THE 8TH
Beloit Snappers batting - Pitching for Bowling Green Hot Rods : RHP Jesse Rosa
Batting: RHB Manny Moron 0-0: Ball
1-0: Ground out 5-3 (Groundball, 56S, EV 67.5 MPH)
Batting: RHB Dan Boylan 0-0: Foul Ball, location: 2F
0-1: Ball
1-1: Ball
2-1: Foul Ball, location: 2F
2-2: Ball
3-2: Base on Balls
Batting: RHB Danny Heikkila 0-0: Called Strike
Dan Boylan steals 2nd base
0-1: Ball
1-1: Ball
2-1: Foul Ball, location: 2F
2-2: Strikes out swinging
Pitching: LHP Brian Kelly
Batting: LHB Chance Stever 0-0: SINGLE (Line Drive, 4MD, EV 100.0 MPH)
Dan Boylan to third
Runner from 3rd tries for Home, throw by CF and OUT! 8-2
Top of the 8th over - 0 runs, 1 hit, 0 errors, 1 left on base; Beloit 4 - Bowling Green 3
BOTTOM OF THE 8TH
Bowling Green Hot Rods batting - Pitching for Beloit Snappers : RHP Jonathan Colyer
Batting: RHB Freddy Mullen 0-0: Foul Ball, location: 2F
0-1: Ball
1-1: Ball
2-1: Ball
3-1: Fly out, F8 (Line Drive, 8LM, EV 103.1 MPH)
Batting: SHB Julio Hernandez 0-0: Ground out 4-3 (Groundball, 4, EV 99.4 MPH)
Batting: LHB Dan Hunt 0-0: Called Strike
0-1: Ball
1-1: SINGLE (Groundball, 4D, EV 103.8 MPH)
Pinch Hitting: RHB Azedine Kirui 0-0: Ball
1-0: Called Strike
1-1: Ball
2-1: Foul Ball, location: 2F
2-2: Foul Ball, location: 2F
2-2: Ball
3-2: Fly out, F9 (Line Drive, 9D, EV 95.0 MPH)
Bottom of the 8th over - 0 runs, 1 hit, 0 errors, 1 left on base; Beloit 4 - Bowling Green 3
TOP OF THE 9TH
Beloit Snappers batting - Pitching for Bowling Green Hot Rods : LHP Brian Kelly
Now at SS: Mark Richert
Batting: RHB Kyle Waters 0-0: Foul Ball, location: 2F
0-1: Fly out, F5 (Line Drive, 5, EV 72.5 MPH)
Batting: SHB John Cummings 0-0: Ball
1-0: Ball
2-0: Called Strike
2-1: Swinging Strike
2-2: Ball
3-2: Strikes out looking
Batting: LHB Angel Sanchez 0-0: Called Strike
0-1: Foul Ball, location: 2F
0-2: Hit by Pitch
Batting: RHB Edgar Landim 0-0: Ball
Angel Sanchez steals 2nd base
1-0: Ball
2-0: Ball
3-0: Base on Balls
Batting: LHB Juan Villafana 0-0: Ball
1-0: Swinging Strike
1-1: Foul Ball, location: 2F
1-2: Ball
2-2: Ball
3-2: Strikes out swinging
Top of the 9th over - 0 runs, 0 hits, 0 errors, 2 left on base; Beloit 4 - Bowling Green 3
BOTTOM OF THE 9TH
Bowling Green Hot Rods batting - Pitching for Beloit Snappers : RHP Jonathan Colyer
Pitching: RHP Mike Bowling
Batting: RHB Jonathan Fraire 0-0: Ball
1-0: Called Strike
1-1: Ball
2-1: Fly out, F7 (Flyball, 7LS, EV 88.1 MPH)
Batting: LHB Mark Marvin 0-0: Ball
1-0: Foul Ball, location: 2F
1-1: Foul Ball, location: 2F
1-2: Fly out, F7 (Flyball, 7S, EV 91.9 MPH)
Batting: SHB Lou Kroneman 0-0: SINGLE (Groundball, 4MD, EV 109.4 MPH)
Pinch Runner at 1st Josif Popovski:
Batting: RHB David Ward 0-0: SINGLE (Groundball, 56D, EV 79.4 MPH) (infield hit)
Josif Popovski to second
Batting: SHB Wayne Hattan 0-0: Ball
1-0: Ball
2-0: Called Strike
2-1: Foul Ball, location: 2F
2-2: Strikes out swinging
Bottom of the 9th over - 0 runs, 2 hits, 0 errors, 2 left on base; Beloit 4 - Bowling Green 3
Tuesday, September 13th , 2022 - OOTP Baseball 23.7 Build 88